Map: Central Protocol

Players

LiquidTLO (TLO)

  • Race: Zerg Zerg
  • League: Grandmaster

wallfacer (ZhuGeLiang) - Winner!

  • Race: Zerg Zerg
  • League: Master

Event: NationWars III

VOD

Have the link to the VOD?

Description

Time

  • Played on: Dec. 13, 2015, 1:28 p.m.
  • Length: 11:09
Show
View Real Time Build Order
Export as new Build Order

LiquidTLO Zerg 

Build Orders: Pool First 

Get SALT Encoding   

  12  0:01  Drone  
  13  0:08  Drone  
  14  0:16  Overlord  
  14  0:24  Drone, Extractor  
  15  0:35  Drone  
  15  0:36  Drone  
  15  0:42  Extractor  
  16  0:45  Drone  
  17  0:50  Spawning Pool  
  17  0:55  Drone  
  17  1:08  Drone  
  18  1:20  Hatchery  
  17  1:37  Queen  
  17  1:38  Zergling x2  
  20  1:41  Metabolic Boost  
  20  1:46  Zergling x2  
  21  1:50  Zergling x2  
  22  1:57  Overlord  
  22  2:05  Baneling Nest  
  22  2:08  Zergling x2  
  22  2:17  Zergling x2  
  22  2:22  Queen  
  25  2:29  Zergling x2  
  26  2:32  Zergling x2  
  26  2:34  Zergling x2  
  28  2:44  Zergling x6  
  28  2:49  Baneling x2  
  31  2:56  Drone  
  31  2:57  Drone  
  33  2:59  Drone  
  34  3:05  Drone  
  34  3:07  Baneling  
  35  3:15  Drone  
  35  3:17  Drone x2  
  34  3:21  Drone  
  34  3:26  Drone  
  36  3:29  Overlord  
  36  3:37  Roach Warren  
  35  3:42  Overlord  
  35  3:48  Drone x2  
  37  3:58  Drone  
  37  4:02  Drone  
  39  4:03  Drone x3  
  39  4:06  Drone  
  43  4:11  Overlord  
  43  4:14  Drone  
  43  4:15  Overlord  
  44  4:17  Roach  
  44  4:23  Overlord  
  46  4:24  Drone  
  46  4:27  Drone  
  46  4:28  Drone  
  49  4:33  Drone  
  49  4:37  Drone  
  51  4:44  Hatchery  
  50  4:49  Evolution Chamber  
  50  4:50  Lair  
  50  4:51  Drone  
  50  4:55  Drone, Extractor  
  50  4:59  Drone x2  
  52  5:01  Drone x2  
  52  5:04  Drone  
  52  5:06  Extractor  
  54  5:09  Drone  
  54  5:10  Overlord  
  54  5:12  Roach  
  57  5:15  Zerg Missile Weapons Level 1  
  57  5:17  Roach  
  57  5:20  Roach  
  61  5:23  Roach  
  61  5:27  Roach  
  61  5:28  Overlord  
  65  5:31  Roach  
  65  5:33  Roach  
  69  5:36  Roach  
  69  5:39  Overlord  
  69  5:42  Roach  
  73  5:45  Overlord  
  73  5:52  Glial Reconstitution  
  73  5:55  Drone x4  
  77  5:59  Overlord  
  77  6:06  Roach x3  
  77  6:08  Roach  
  85  6:14  Overlord, Roach  
  85  6:17  Roach  
  89  6:21  Roach  
  89  6:22  Roach  
  89  6:23  Roach  
  94  6:26  Roach  
  94  6:28  Roach  
  94  6:30  Roach  
  101  6:32  Zergling x2  
  101  6:34  Roach  
  101  6:37  Roach  
  101  6:39  Roach  
  105  6:43  Roach  
  105  6:45  Roach  
  105  6:46  Roach  
  104  6:51  Roach  
  98  6:55  Zergling x2  
  98  7:00  Roach  
  96  7:05  Zergling x6  
  96  7:06  Zergling x2  
  96  7:07  Roach  
  90  7:10  Roach  
  90  7:15  Roach  
  79  7:21  Roach  
  79  7:22  Zergling x6  
  80  7:24  Queen  
  80  7:26  Roach  
  80  7:29  Roach  
  86  7:33  Roach  
  86  7:35  Roach  
  86  7:36  Drone  
  90  7:41  Roach  
  91  7:45  Drone  
  91  7:46  Roach  
  94  7:52  Roach  
  94  7:56  Overlord x2  
  96  7:59  Roach  
  96  8:00  Roach  
  96  8:04  Roach  
  102  8:06  Roach  
  102  8:09  Roach  
  102  8:12  Drone x3  
  109  8:13  Drone  
  109  8:16  Roach  
  109  8:19  Roach  
  114  8:22  Roach  
  114  8:23  Roach  
  114  8:26  Roach  
  115  8:28  Roach  
  115  8:32  Roach  
  103  8:35  Drone x3  
  103  8:37  Roach  
  103  8:40  Roach  
  96  8:42  Roach  
  96  8:44  Roach  
  84  8:54  Drone x4  
  84  8:55  Drone  
  87  8:57  Queen  
  87  8:59  Drone  
  84  9:06  Roach  
  84  9:08  Roach  
  88  9:10  Drone x2  
  88  9:11  Drone x2, Extractor  
  88  9:12  Roach  
  88  9:14  Roach  
  95  9:19  Roach  
  95  9:21  Roach  
  99  9:25  Roach  
  99  9:29  Roach  
  99  9:31  Roach  
  105  9:34  Roach  
  105  9:36  Roach  
  109  9:39  Roach  
  109  9:41  Roach, Extractor  
  109  9:44  Roach  
  109  9:45  Overlord  
  114  9:46  Extractor  
  114  9:50  Roach  
  114  9:51  Roach  
  117  9:53  Roach  
  117  9:54  Overlord, Roach x2  
  117  9:56  Queen  
  117  9:57  Roach  
  127  10:01  Roach  
  127  10:03  Roach  
  127  10:04  Queen  
  133  10:08  Roach  
  133  10:14  Roach  
  135  10:18  Roach  
  133  10:25  Roach  
  133  10:27  Queen  
  116  10:29  Roach  
  116  10:31  Roach  
  116  10:32  Roach, Queen  
  116  10:33  Roach  
  116  10:34  Roach  
  115  10:35  Roach  
  115  10:41  Roach  
  103  10:45  Roach  
  103  10:48  Roach  
Show
View Real Time Build Order
Export as new Build Order

wallfacer Zerg - Winner!

Build Orders: Hatch First 

Get SALT Encoding   

  12  0:01  Drone  
  13  0:12  Overlord  
  13  0:17  Drone  
  14  0:30  Drone x2  
  14  0:34  Drone  
  17  0:52  Hatchery  
  17  0:55  Drone  
  17  1:10  Spawning Pool  
  17  1:11  Drone  
  17  1:15  Drone  
  17  1:17  Extractor  
  17  1:20  Drone  
  18  1:31  Drone  
  19  1:40  Overlord  
  19  1:49  Drone  
  20  1:56  Queen  
  20  2:00  Zergling x2  
  23  2:03  Queen  
  23  2:04  Drone  
  26  2:09  Roach Warren  
  26  2:13  Drone  
  26  2:18  Drone  
  26  2:21  Drone  
  28  2:27  Overlord  
  28  2:48  Roach  
  28  2:49  Roach x3  
  36  2:58  Roach x2  
  39  3:04  Overlord  
  39  3:09  Roach  
  41  3:18  Roach x3  
  41  3:28  Drone x3  
  41  3:30  Drone x2  
  46  3:40  Drone x2  
  48  3:55  Drone x2  
  50  3:56  Overlord  
  50  3:57  Drone x2  
  52  4:05  Overlord  
  52  4:07  Lair  
  52  4:14  Drone x3  
  55  4:22  Drone  
  55  4:23  Drone x2  
  58  4:26  Extractor  
  58  4:27  Drone, Extractor  
  58  4:28  Evolution Chamber, Drone  
  58  4:31  Drone  
  58  4:32  Drone  
  58  4:33  Drone  
  60  4:39  Drone x2  
  62  4:50  Overlord x2  
  62  4:53  Zerg Missile Weapons Level 1  
  62  4:57  Roach x3  
  68  5:00  Overlord  
  68  5:07  Glial Reconstitution  
  68  5:10  Drone x2  
  68  5:11  Roach  
  72  5:15  Overlord  
  72  5:17  Overseer  
  72  5:26  Roach x3  
  72  5:27  Overlord  
  78  5:39  Roach x4  
  86  5:43  Roach  
  86  5:48  Roach  
  90  5:51  Roach x2  
  93  5:59  Roach x2  
  97  6:05  Roach x2  
  97  6:11  Roach x2  
  105  6:14  Roach  
  106  6:20  Queen  
  106  6:28  Overlord  
  106  6:29  Ravager  
  106  6:31  Ravager  
  108  6:38  Overlord  
  108  6:39  Hatchery  
  102  6:50  Roach x6  
  103  6:55  Overlord  
  103  6:58  Roach x2  
  105  7:07  Roach x3  
  103  7:10  Roach  
  97  7:20  Roach x2  
  97  7:25  Roach  
  99  7:32  Roach x2  
  99  7:33  Roach x3  
  107  7:37  Drone x3  
  107  7:38  Queen  
  110  7:44  Drone  
  110  7:48  Ravager  
  110  7:49  Drone  
  113  7:53  Extractor  
  113  7:55  Ravager  
  113  7:56  Drone, Queen  
  116  7:59  Drone x2  
  116  8:04  Drone x2  
  120  8:11  Zerg Missile Weapons Level 2  
  120  8:23  Roach  
  120  8:24  Roach x4  
  120  8:25  Drone x5  
  129  8:32  Roach  
  108  8:42  Roach x3  
  102  8:54  Roach  
  102  8:55  Roach x3  
  98  9:03  Roach x2  
  102  9:10  Roach  
  102  9:11  Roach x4  
  102  9:14  Roach  
  114  9:18  Roach x2  
  114  9:19  Roach x5  
  128  9:25  Roach  
  128  9:31  Roach  
  128  9:32  Roach  
  128  9:36  Roach  
  134  9:38  Roach  
  134  9:39  Overlord x2  
  134  9:40  Roach x2  
  134  9:44  Overlord  
  138  9:46  Extractor  
  138  9:51  Ravager  
  138  9:59  Roach  
  154  10:00  Roach x7  
  152  10:19  Roach x7  
  162  10:26  Roach  
  162  10:27  Roach x4  
  154  10:33  Roach x3  
  137  10:43  Roach x5  
  137  10:48  Roach x2  
Tags
 
Add a new tag
Caveats
  • Supply blocks, unpowered buildings, or Contaminate may cause inaccurate times.
  • Supply counts are checked every 10 seconds.